AoeStats
← [NOE] Jupiter

Arena

510113202Analyzed
2v2 RM · 4d ago on Sep 29, 2026· 25m 46s· 4 players
Game mode
Random Map
Map size
Medium (4 player)
Population
200
Speed
Normal
Resources
Standard
Victory
Conquest
Starting age
Dark Age
Ending age
Imperial Age
RankedLock teamsTeams togetherTeam positionsShared explorationLock speedFull tech treeHidden civsTurbo modeCheats
Victory
Defeat
🇭🇰 Ethiopians · Hong Kong SAR China
1498
+15
🇭🇰 Gurjaras · Hong Kong SAR China
1498
+15
🇫🇷 Poles · France
1496
-15
🇫🇷 Varangians · France
1476
-15
[NOE] Jupiter
10:07 Feudal Age
13:45 Castle Age
12:25 Double-Bit Axe
12:43 Horse Collar
14:46 Bow Saw
14:36 Fletching
15:45 Loom
16:39 Scale Mail Armor
[NOE] Lyrendir
11:40 Feudal Age
12:34 Double-Bit Axe
15:25 Castle Age
13:29 Horse Collar
16:27 Heavy Plow
16:46 Bow Saw
17:28 Scale Barding Armor
21:43 Wheelbarrow
21:03 Gold Mining
23:03 Forging
25:06 Light Cavalry
Victor Kenny
9:10 Feudal Age
13:20 Castle Age
11:06 Loom
11:51 Double-Bit Axe
23:44 Wheelbarrow
24:12 Bloodlines
Harry Peter
9:59 Feudal Age
10:37 Double-Bit Axe
13:17 Fletching
14:57 Padded Archer Armor
20:33 Gold Mining
23:21 Castle Age
22:38 Horse Collar
24:14 Bow Saw
23:25 Crossbowman
24:08 Bodkin Arrow
25:30 Leather Archer Armor
25:23 Loom
26:15 Wheelbarrow
Connection lost

Rejoining the realm…

Still unreachable

The connection could not be restored.

Session expired

The server has moved on; the page needs a fresh start.